AoeStats
← Desert_Prince

Arabia

509889060Analyzed
1v1 RM · 4d ago on Sep 28, 2026· 22m 0s· 2 players
Game mode
Random Map
Map size
Tiny (2 player)
Population
200
Speed
Normal
Resources
Standard
Victory
Conquest
Starting age
Dark Age
Ending age
Imperial Age
RankedLock teamsTeams togetherTeam positionsShared explorationLock speedFull tech treeHidden civsTurbo modeCheats
Victory
Defeat
🇲🇦 Aztecs · Morocco
1775
+18
🇨🇳 Georgians · China
1822
-18
Desert_Prince
8:04 Feudal Age
8:36 Loom
10:54 Double-Bit Axe
12:58 Horse Collar
15:09 Fletching
16:41 Scale Mail Armor
17:58 Forging
20:49 Castle Age
19:43 Forging
19:25 Gold Mining
20:51 Padded Archer Armor
20:51 Crossbowman
21:30 Bodkin Arrow
21:24 Eagle Warrior
22:50 Bow Saw
她说我闷骚
6:07 Loom
9:17 Feudal Age
10:25 Man-at-Arms
15:46 Town Watch
19:42 Fletching
22:10 Padded Archer Armor
Connection lost

Rejoining the realm…

Still unreachable

The connection could not be restored.

Session expired

The server has moved on; the page needs a fresh start.